 Dungeon Crawl Stone Soup version 0.29-a0-2-g12fcac58f8 (webtiles) character file.

Game seed: 9627054888730907282

100 fragbeetle the Magician (level 4, 0/32 HPs)
             Began as a Gnoll Hedge Wizard on Jan 26, 2022.
             Slain by a river rat (8 damage)
             ... in a sewer.
             The game lasted 00:04:41 (2621 turns).

fragbeetle the Magician (Gnoll Hedge Wizard)        Turns: 2621, Time: 00:04:41

Health: 0/32       AC:  2    Str: 10    XL:     4   Next: 73%
Magic:  6/13       EV: 13    Int: 15    God:
Gold:   107        SH:  0    Dex: 11    Spells: 8/17 levels left

rFire   + . .      SeeInvis .   d - +1 long sword
rCold   . . .      Faith    .   (no shield)
rNeg    . . .      Spirit   .   b - +0 robe
rPois   .          Reflect  .   c - +0 hat
rElec   .          Harm     .   (no cloak)
rCorr   .          Rampage  .   (no gloves)
Will    .....                   (no boots)
Stlth   ++........              (no amulet)
HPRegen 0.10/turn               h - ring of protection from fire
MPRegen 0.13/turn               (no ring)

@: attractive
A: fangs 1, strong nose, distributed training
a: no special abilities


You were in a sewer.
You visited 1 branch of the dungeon, and saw 3 of its levels.
You also visited: Sewer.

You collected 107 gold pieces.

Inventory:

Hand Weapons
 a - a +0 dagger
 d - a +1 long sword (weapon)
Missiles
 f - 10 poisoned darts
Armour
 b - a +0 robe (worn)
 c - a +0 hat (worn)
Jewellery
 h - a ring of protection from fire (left hand)
Scrolls
 g - a scroll of amnesia {unknown}
 i - a scroll of enchant armour {unknown}
 j - 3 scrolls of blinking {unknown}


   Skills:
 + Level 1.2 Fighting
 + Level 1.2 Short Blades
 + Level 1.2 Long Blades
 + Level 1.2 Axes
 + Level 1.2 Maces & Flails
 + Level 1.2 Polearms
 + Level 1.2 Staves
 + Level 1.2 Slings
 + Level 1.2 Bows
 + Level 1.2 Crossbows
 + Level 1.2 Throwing
 + Level 1.2 Armour
 + Level 4.7 Dodging
 + Level 4.3 Stealth
 + Level 1.2 Shields
 + Level 1.2 Unarmed Combat
 + Level 7.2 Spellcasting
 + Level 2.3 Conjurations
 + Level 1.0 Hexes
 + Level 2.3 Summonings
 + Level 1.0 Necromancy
 + Level 2.3 Translocations
 + Level 1.0 Transmutations
 + Level 1.0 Fire Magic
 + Level 1.0 Ice Magic
 + Level 1.0 Air Magic
 + Level 1.0 Earth Magic
 + Level 1.0 Poison Magic
 + Level 1.3 Invocations
 + Level 1.2 Evocations


You had 8 spell levels left.
You knew the following spells:

 Your Spells              Type           Power      Damage    Failure   Level
a - Magic Dart            Conj           48%        1d5       4%          1
b - Call Imp              Summ           12%        N/A       8%          2
c - Mephitic Cloud        Conj/Pois/Air  9%         N/A       22%         3
d - Ignite Poison         Fire/Tmut/Pois 8%         N/A       26%         3

Your spell library contained the following spells:

 Spells                   Type           Power      Damage    Failure   Level
 Blink                    Tloc           24%        N/A       8%          2
 Slow                     Hex            32%        N/A       9%          1
 Conjure Flame            Conj/Fire      10%        6-21      21%         3
 Freezing Cloud           Conj/Ice/Air   4%         6-21      89%         5


Dungeon Overview and Level Annotations

Branches:
Dungeon (3/15)              Sewer (1/1)

Altars:


Innate Abilities, Weirdness & Mutations

You have very sharp teeth.
Your uncanny sense of smell can sniff out nearby items.
Your experience applies equally to all skills.


Message History

Press: ? - help, Shift-Dir - straight line, f - river rat, p - river rat
Aim: a river rat (100% to hit)
The magic dart hits the river rat but does no damage.
The river rat misses your crimson imp.
Your crimson imp hits the river rat.
Unknown command.
Casting: Magic Dart (safe; 4% risk of failure)
Confirm with . or Enter, or press ? or * to list all spells.
Aiming: Magic Dart (safe; 4% risk of failure)
Press: ? - help, Shift-Dir - straight line, f/p - river rat
Aim: a river rat (100% to hit)
The magic dart hits the river rat.
The river rat is moderately wounded.
The river rat bites your crimson imp.
Your crimson imp barely misses the river rat.
Casting: Magic Dart (safe; 4% risk of failure)
Confirm with . or Enter, or press ? or * to list all spells.
Aiming: Magic Dart (safe; 4% risk of failure)
Press: ? - help, Shift-Dir - straight line, f/p - river rat
Aim: a river rat (moderately wounded, 100% to hit)
The magic dart hits the river rat but does no damage.
The river rat is moderately wounded.
The river rat completely misses your crimson imp.
Your crimson imp blinks!
Your magical contamination has completely faded away.
The river rat bites you!
You completely miss the river rat.
The river rat is heavily wounded.
The river rat bites you.
* * * LOW HITPOINT WARNING * * *
The river rat closely misses you.
Your crimson imp blinks!
The river rat completely misses you.
It was a potion of attraction.
You feel attractive to monsters. The river rat closely misses you.
The river rat barely misses you.
As you read the scroll labelled UCVETH DOZE, it crumbles to dust.
It is a scroll of enchant weapon.
Your +0 long sword glows red for a moment.
The river rat bites you!
You die... ################ ≈......5r@rr...# ################

You could see 2 river rats, a rat and a friendly crimson imp (summoned).

Vanquished Creatures
  2 adders (D:2)
  A worm (D:2)
  3 ball pythons
  7 giant cockroaches
  9 goblins
  2 hobgoblins (D:2)
  2 jackals (D:1)
  4 kobolds
  2 quokkas
  5 bats (D:1)
  3 frilled lizards
  10 rats
50 creatures vanquished.

Vanquished Creatures (collateral kills)
  Terence (D:2)
  3 rats
4 creatures vanquished.

Grand Total: 54 creatures vanquished

Notes
Turn   | Place    | Note
-------+----------+-------------------------------------------
     0 | D:1      | fragbeetle the Gnoll Hedge Wizard began the quest for the
                  | Orb.
     0 | D:1      | Reached XP level 1. HP: 13/13 MP: 8/8
   276 | D:1      | Found a faded altar of an unknown god.
   305 | D:1      | Reached XP level 2. HP: 19/19 MP: 6/10
  1019 | D:1      | Learned a level 2 spell: Call Imp
  1053 | D:1      | Reached XP level 3. HP: 25/25 MP: 11/11
  1449 | D:2      | Learned a level 3 spell: Mephitic Cloud
  1453 | D:2      | Learned a level 3 spell: Ignite Poison
  1746 | D:2      | Reached skill level 1 in Invocations
  2009 | D:2      | Noticed Terence
  2015 | D:2      | Killed Terence
  2016 | D:2      | Reached skill level 1 in Fighting
  2016 | D:2      | Reached skill level 1 in Short Blades
  2016 | D:2      | Reached skill level 1 in Long Blades
  2016 | D:2      | Reached skill level 1 in Axes
  2016 | D:2      | Reached skill level 1 in Maces & Flails
  2016 | D:2      | Reached skill level 1 in Polearms
  2016 | D:2      | Reached skill level 1 in Staves
  2016 | D:2      | Reached skill level 1 in Slings
  2016 | D:2      | Reached skill level 1 in Bows
  2016 | D:2      | Reached skill level 1 in Crossbows
  2016 | D:2      | Reached skill level 1 in Throwing
  2016 | D:2      | Reached skill level 1 in Armour
  2016 | D:2      | Reached skill level 1 in Shields
  2016 | D:2      | Reached skill level 1 in Unarmed Combat
  2016 | D:2      | Reached skill level 1 in Evocations
  2016 | D:2      | Reached XP level 4. HP: 32/32 MP: 2/13
  2373 | D:2      | Reached skill level 1 in Hexes
  2373 | D:2      | Reached skill level 1 in Necromancy
  2373 | D:2      | Reached skill level 1 in Transmutations
  2373 | D:2      | Reached skill level 1 in Fire Magic
  2373 | D:2      | Reached skill level 1 in Ice Magic
  2373 | D:2      | Reached skill level 1 in Air Magic
  2373 | D:2      | Reached skill level 1 in Earth Magic
  2373 | D:2      | Reached skill level 1 in Poison Magic
  2425 | D:2      | You fall into a shaft and drop 1 floor!
  2521 | D:3      | Found a glowing drain.
  2602 | Sewer    | Entered a sewer
  2621 | Sewer    | Slain by a river rat

Illustrated notes

Levels and vault maps discovered:
D:1:      lightli_arrival_statue_moat, layout_loops_ring,
          shapermc_ecumenical_altar_venn, minmay_rat_gold_closets
D:2:      cheibrodos_old_hovel, layout_basic, minmay_goblin_outpost,
          uniq_terence
D:3:      layout_basic, gup_sewer_entry_pipe, hangedman_decor_lopped,
          roderic_batcave
Sewer:    sewer_kobolds

Skill      XL: |  1  2  3  4 |
---------------+-------------+-----
Conjurations   | 2 |  2.3
Summonings     | 2 |  2.3
Translocations | 2 |  2.3
Invocations    | 1 |  1.3
Fighting       | 1 |  1.2
Short Blades   | 1 |  1.2
Long Blades    | 1 |  1.2
Axes           | 1 |  1.2
Maces & Flails | 1 |  1.2
Polearms       | 1 |  1.2
Staves         | 1 |  1.2
Slings         | 1 |  1.2
Bows           | 1 |  1.2
Crossbows      | 1 |  1.2
Throwing       | 1 |  1.2
Armour         | 1 |  1.2
Shields        | 1 |  1.2
Unarmed Combat | 1 |  1.2
Evocations     | 1 |  1.2
Hexes          | 1 |  1.0
Necromancy     | 1 |  1.0
Transmutations | 1 |  1.0
Fire Magic     | 1 |  1.0
Ice Magic      | 1 |  1.0
Air Magic      | 1 |  1.0
Earth Magic    | 1 |  1.0
Poison Magic   | 1 |  1.0
Dodging        | |  4.7
Stealth        | |  4.3
Spellcasting   | |  7.2

Action                   |  1- 3 |  4- 6 || total
-------------------------+-------+-------++-------
Melee: Dagger            |     1 |       ||     1
       Long sword        |    34 |     5 ||    39
       Bite              |     4 |     1 ||     5
 Cast: Magic Dart        |    70 |    33 ||   103
       Call Imp          |     2 |     1 ||     3
       Mephitic Cloud    |     1 |       ||     1
  Use: Scroll            |       |     1 ||     1
       Potion            |       |     1 ||     1
 Stab: Sleeping          |     4 |       ||     4
Armor: Robe              |    14 |       ||    14
Dodge: Dodged            |    33 |    12 ||    45

Table legend: (Time is in decaauts)
 A = Elapsed time spent in this place.
 B = Non-inter-level travel time spent in this place.
 C = Inter-level travel time spent in this place.
 D = Time resting spent in this place.
 E = Time spent auto-exploring this place.
 F = Levels seen in this place.
 G = Mean time per level.
                   A        B        C        D        E       F      G
               +--------+--------+--------+--------+--------+-----+--------+
         Total |   2639 |   2566 |     73 |    262 |   1932 |   4 |  659.8 |
       Dungeon |   2619 |   2546 |     73 |    262 |   1932 |   3 |  873.0 |
         Sewer |     19 |     19 |      0 |      0 |      0 |   1 |   19.0 |
               +--------+--------+--------+--------+--------+-----+--------+

Top non-repeatable levels by time:
     D:1: 1221 daAuts
     D:2: 1215 daAuts
     D:3: 182 daAuts
   Sewer: 19 daAuts
